 Dungeon Crawl Stone Soup version 0.29-a0-334-gb41bcbb86e (webtiles) character file.

Game seed: 553426002049091450

92 dracfodder the Bolt Thrower (level 4, -6/37 HPs)
             Began as a Minotaur Hunter on Apr 14, 2022.
             Killed from afar by Ijyb (11 damage)
             ... with a puff of flame
             ... on level 2 of the Dungeon.
             The game lasted 00:03:46 (1119 turns).

dracfodder the Bolt Thrower (Minotaur Hunter)       Turns: 1119, Time: 00:03:47

Health: -6/37      AC:  3    Str: 15    XL:     4   Next: 35%
Magic:  3/3        EV: 10    Int:  6    God:
Gold:   65         SH:  7    Dex: 16    Spells: 3/3 levels left

rFire   . . .      SeeInvis .   a - +1 hand crossbow
rCold   . . .      Faith    .   l - +0 kite shield
rNeg    . . .      Spirit   .   b - +0 leather armour
rPois   .          Reflect  .   (helmet restricted)
rElec   .          Harm     .   (no cloak)
rCorr   .          Rampage  .   (no gloves)
Will    ++...                   (no boots)
Stlth   +.........              (no amulet)
HPRegen 0.12/turn               d - ring of willpower
MPRegen 0.08/turn               e - ring of willpower

@: no status effects
A: horns 2, retaliatory headbutt
a: no special abilities


You were on level 2 of the Dungeon.
You visited 1 branch of the dungeon, and saw 2 of its levels.

You collected 65 gold pieces.

Inventory:

Hand Weapons
 a - a +1 hand crossbow (weapon)
 i - a +1 dagger of electrocution
Armour
 b - a +0 leather armour (worn)
 l - a +0 kite shield (worn)
Jewellery
 d - a ring of willpower (left hand)
 e - a ring of willpower (right hand)
 g - an amulet of magic regeneration
Scrolls
 c - 2 scrolls of immolation
 h - 2 scrolls of teleportation
Potions
 f - 2 potions of curing {unknown}


   Skills:
 + Level 2.8 Fighting
 * Level 6.1 Crossbows
 + Level 1.0 Armour
 + Level 2.4 Dodging
 + Level 0.7 Stealth


You had 3 spell levels left.
You didn't know any spells.
Your spell library contained the following spells:

 Spells                   Type           Power      Damage    Failure   Level
 Corpse Rot               Necr/Air       0%         N/A       98%         2
 Poisonous Vapours        Pois/Air       0%         N/A       98%         2


Dungeon Overview and Level Annotations

Branches:
Dungeon (2/15)

Altars:

Annotations:
D:2 Ijyb


Innate Abilities, Weirdness & Mutations

You have a pair of horns on your head.
You reflexively headbutt those who attack you in melee.


Message History

Shoot: a) +1 hand crossbow
Press: ? - help, Q - select action Shift-Dir - straight line, f/p - Ijyb
Aim: Ijyb, wielding a +0 club, wearing a +0 leather armour and carrying a wand of flame (8) (heavily wounded, 60% to hit)
You shoot a bolt. The bolt barely misses Ijyb.
The bolt hits the goblin.
You kill the goblin!
Ijyb barely misses you. The goblin barely misses you. You furiously retaliate!
You headbutt the goblin!
You kill the goblin!
Shoot: a) +1 hand crossbow
Press: ? - help, Q - select action Shift-Dir - straight line, f/p - Ijyb
Aim: Ijyb, wielding a +0 club, wearing a +0 leather armour and carrying a wand of flame (8) (heavily wounded, 60% to hit)
You shoot a bolt. The bolt hits Ijyb.
Ijyb is heavily wounded.
Ijyb hits you with a +0 club.
Ijyb zaps a wand.
The puff of flame hits you.
* * * LOW HITPOINT WARNING * * *
The goblin hits you but does no damage.
Shoot: a) +1 hand crossbow
Press: ? - help, Q - select action Shift-Dir - straight line, f/p - Ijyb
Aim: Ijyb, wielding a +0 club, wearing a +0 leather armour and carrying a wand of flame (7) (heavily wounded, 60% to hit)
You shoot a bolt. The bolt barely misses Ijyb.
The bolt hits the goblin!
You kill the goblin!
You block Ijyb's attack. The goblin barely misses you.
Shoot: a) +1 hand crossbow
Press: ? - help, Q - select action Shift-Dir - straight line, f/p - Ijyb
Aim: Ijyb, wielding a +0 club, wearing a +0 leather armour and carrying a wand of flame (7) (heavily wounded, 60% to hit)
You shoot a bolt. The bolt hits Ijyb.
Ijyb is severely wounded.
You block the goblin's attack. Ijyb hits you but does no damage.
The goblin hits you with a +0 club.
* * * LOW HITPOINT WARNING * * *
Ijyb hits you with a +0 club.
* * * LOW HITPOINT WARNING * * *
Shoot: a) +1 hand crossbow
Press: ? - help, Q - select action Shift-Dir - straight line, f/p - Ijyb
Aim: Ijyb, wielding a +0 club, wearing a +0 leather armour and carrying a wand of flame (7) (severely wounded, 60% to hit)
You shoot a bolt. The bolt hits Ijyb but does no damage.
Ijyb is severely wounded.
Ijyb screams, "Me kill you!"
Ijyb zaps a wand.
The puff of flame hits you!
You die...

#....###.#.# #....###...#
#.....###..# ###...........#
#.....#.####>... #.....#...
..>.. ##.....#.#####+###
.......#.# #....####
.......# #....@g)#########
.......# #....#g.8.8.8.8.#
.......#####....#..........#
................#...(.....?#
...#######.._...#..........#
.### #......#.........[# .#
#.⌠.∩###..........# .# #####
#..8.8.8.8.# .# ############


You could see Ijyb and a goblin.

Vanquished Creatures
  An orc wizard (D:2)
  An adder (D:2)
  A dart slug (D:1)
  2 orcs (D:2)
  7 endoplasms
  2 giant cockroaches
  9 goblins
  5 hobgoblins
  2 jackals (D:1)
  A kobold (D:2)
  7 quokkas (D:1)
  A ball python (D:1)
  A bat (D:2)
  A frilled lizard (D:2)
  3 rats (D:1)
44 creatures vanquished.

Notes
Turn   | Place    | Note
-------+----------+-------------------------------------------
     0 | D:1      | dracfodder the Minotaur Hunter began the quest for the Orb.
     0 | D:1      | Reached XP level 1. HP: 18/18 MP: 0/0
   225 | D:1      | Reached XP level 2. HP: 25/25 MP: 1/1
   330 | D:1      | Reached skill level 5 in Crossbows
   565 | D:1      | Reached XP level 3. HP: 30/30 MP: 2/2
  1093 | D:2      | Reached skill level 6 in Crossbows
  1093 | D:2      | Reached XP level 4. HP: 37/37 MP: 3/3
  1097 | D:2      | Reached skill level 1 in Armour
  1100 | D:2      | Noticed Ijyb
  1105 | D:2      | Found a faded altar of an unknown god.
  1119 | D:2      | Killed from afar by Ijyb

Illustrated notes

Levels and vault maps discovered:
D:1:      nzn_arrival_depleted_hourglass, layout_basic, corexii_corridor_pit,
          st_stairs_14, minmay_octomino_e4
D:2:      kennysheep_the_goblin_king, layout_basic,
          ebering_ecumenical_altar_abandoned, minmay_tripent

Skill      XL: |  1  2  3  4 |
---------------+-------------+-----
Crossbows      | 5 6 |  6.1
Armour         | 1 |  1.0
Fighting       | |  2.8
Dodging        | |  2.4
Stealth        | |  0.7

Action                   |  1- 3 |  4- 6 || total
-------------------------+-------+-------++-------
 Fire: Hand crossbow     |    96 |    18 ||   114
  Use: Scroll            |       |     3 ||     3
Armor: Leather armour    |     7 |     4 ||    11
Dodge: Dodged            |    15 |     5 ||    20
Block: Kite shield       |     1 |     9 ||    10

Table legend: (Time is in decaauts)
 A = Elapsed time spent in this place.
 B = Non-inter-level travel time spent in this place.
 C = Inter-level travel time spent in this place.
 D = Time resting spent in this place.
 E = Time spent auto-exploring this place.
 F = Levels seen in this place.
 G = Mean time per level.
                   A        B        C        D        E       F      G
               +--------+--------+--------+--------+--------+-----+--------+
         Total |   1153 |   1117 |     36 |      0 |    869 |   2 |  576.5 |
       Dungeon |   1153 |   1117 |     36 |      0 |    869 |   2 |  576.5 |
               +--------+--------+--------+--------+--------+-----+--------+

Top non-repeatable levels by time:
     D:1: 842 daAuts
     D:2: 311 daAuts
